 Dungeon Crawl Stone Soup version 0.31-a0-165-g3f4f80340b (webtiles) character file.

Game seed: 7081018819689653312

314 qw the Shooter (level 6, -1/40 HPs)
             Began as a Gargoyle Hunter on June 13, 2023.
             Slain by a hornet (8 damage)
             ... on level 4 of the Dungeon.
             The game lasted 00:01:06 (2674 turns).

qw the Shooter (Gargoyle Hunter)                    Turns: 2674, Time: 00:01:07

Health: -1/40      AC: 11    Str: 14    XL:     6   Next: 43%
Magic:  6/6        EV: 10    Int: 10    God:
Gold:   155        SH:  0    Dex: 15    Spells: 5/5 levels left

rFire   . . .        Y - +0 shortbow
rCold   . . .        (shield currently unavailable)
rNeg    + . .        i - +0 ring mail
rPois   inf          (no helmet)
rElec   +            (no cloak)
rCorr   .            k - +0 pair of gloves
SInv    .            c - +0 pair of boots
Will    .....        a - amulet of regeneration
Stlth   +            (no ring)
HPRegen 1.06/turn    (no ring)
MPRegen 0.10/turn

%: no passive effects
@: no status effects
A: sickness immunity, AC +4, negative energy resistance 1, electricity
resistance, torment resistance 1, petrification resistance, sense surroundings 2
a: no special abilities


You were on level 4 of the Dungeon.
You visited 1 branch of the dungeon, and saw 4 of its levels.

You collected 155 gold pieces.


Innate Abilities, Weirdness & Mutations

You are immune to sickness and miasma.
Your stone body is resilient. (AC +4)
You are immune to poison.
You resist negative energy. (rN+)
You are resistant to electric shocks. (rElec)
You are resistant to unholy torment.
You are immune to petrification.
You passively map the area around you.


   Skills:
 - Level 5.2 Fighting
 + Level 5.9 Ranged Weapons
 - Level 1.0 Armour
 - Level 1.5 Dodging
 - Level 1.1 Stealth


You had 5 spell levels left.
You didn't know any spells.
Your spell library was empty.

Inventory:

Hand Weapons
 Y - a +0 shortbow (weapon)
Armour
 c - a +0 pair of boots (worn)
 i - a +0 ring mail (worn)
 k - a +0 pair of gloves (worn)
Jewellery
 a - an amulet of regeneration (around neck)
Scrolls
 l - a scroll of identify
Potions
 b - a potion of degeneration {unknown}
 e - a potion of attraction
 f - 2 potions of cancellation {unknown}
 g - 2 potions of lignification
 h - a potion of mutation
 j - a potion of curing {unknown}

Dungeon Overview and Level Annotations

Branches:
Dungeon (4/15)             Temple (0/1) D:4

Altars:
Qazlal

Shops:
D:1 ?


Message History

You shoot an arrow. The arrow hits the hornet.
The hornet is lightly wounded.
The hornet misses you. x2
You shoot an arrow. The arrow closely misses the hornet.
The hornet stings you!
The hornet stings you but does no damage.
You shoot an arrow.
The arrow hits the hornet but does no damage.
The hornet is lightly wounded.
The hornet stings you. The hornet misses you.
You shoot an arrow. The arrow hits the hornet.
The hornet is lightly wounded.
The hornet misses you. The hornet closely misses you.
You shoot an arrow. The arrow closely misses the hornet.
The hornet stings you! x2
You shoot an arrow. The arrow closely misses the hornet.
The hornet closely misses you.
The hornet stings you but does no damage.
You shoot an arrow. The arrow misses the hornet.
The hornet barely misses you.
You shoot an arrow. The arrow closely misses the hornet.
The hornet closely misses you. x2
You shoot an arrow. The arrow hits the hornet.
The hornet is moderately wounded.
The hornet stings you but does no damage. x2
You shoot an arrow. The arrow barely misses the hornet.
The hornet barely misses you.
The hornet stings you but does no damage.
You shoot an arrow. The arrow closely misses the hornet.
The hornet closely misses you. The hornet stings you.
You shoot an arrow. The arrow hits the hornet.
The hornet is moderately wounded.
The hornet barely misses you. The hornet stings you!
You shoot an arrow. The arrow barely misses the hornet.
The hornet stings you but does no damage.
You shoot an arrow. The arrow hits the hornet.
The hornet is moderately wounded.
The hornet stings you but does no damage.
The hornet stings you!
You die...

, ,, ,, ,#. , * * > ,,
#.#.#* , , , #.#.# , , ,
,, ,* *+ * #.#.#* , , , *
#######.#.####### , * , *
##+#................ ,
#....##...#..####### ,, *
* #....##...#......# # ,
#.y@.# ##.....##.# # ,,
....(..#.###..#.#.##.# # *
,
,,.......#......#.#.##.###
, .......#...#..#.#.##....
,
,...###.#...#..#.#.######
,,, .. #.#......#.#.. .. *
. *#.#....#.##### ### ,* ,
, #.#....#.# * * ,
#.....## ,,* *


You could see a hornet.

Vanquished Creatures
  Sigmund (D:2)
  A sleepcap (D:4)
  An orc wizard (D:3)
  3 adders
  5 orcs (D:3)
  5 endoplasms
  3 giant cockroaches
  5 goblins
  2 hobgoblins
  8 jackals
  8 kobolds
  4 quokkas
  5 ball pythons
  9 bats
  2 frilled lizards
  5 rats
67 creatures vanquished.

Notes
Turn   | Place    | Note
-------+----------+-------------------------------------------
     0 | D:1      | qw the Gargoyle Hunter began the quest for the Orb.
     0 | D:1      | Reached XP level 1. HP: 12/12 MP: 1/1
     0 | D:1      | 0 ||| qw: Version: 0.2-a-29-gc1b59c4
     0 | D:1      | 0 ||| qw: Game counter: 4656
     0 | D:1      | 0 ||| qw: Always use a shield: true
     0 | D:1      | 0 ||| qw: God list: Okawaru
     0 | D:1      | 0 ||| qw: Allow faded altars: false
     0 | D:1      | 0 ||| qw: Do Orc after D:15 true
     0 | D:1      | 0 ||| qw: Do second Lair branch before Depths: true
     0 | D:1      | 0 ||| qw: Lair rune preference: random
     0 | D:1      | 0 ||| qw: Plans: Normal, Zot:1-4, Slime:5, God:TSO, Crypt,
                  | Tomb, Abyss, Pan, Hells, Win
     0 | D:1      | 0 ||| PLANNING D:1-11
   156 | D:1      | Reached XP level 2. HP: 17/17 MP: 2/2
   237 | D:1      | Found Ycaz Gyf's Magic Scroll Shop.
   241 | D:1      | 241 ||| SHOPLISTING 2 scrolls of identify (40 gold, have
                  | 2).
   241 | D:1      | 241 ||| SHOPLISTING scroll of acquirement (520 gold, have
                  | 2).
   241 | D:1      | 241 ||| SHOPLISTING scroll of brand weapon (95 gold, have
                  | 2).
   241 | D:1      | 241 ||| SHOPLISTING scroll of enchant armour (75 gold, have
                  | 2).
   241 | D:1      | 241 ||| SHOPLISTING scroll of identify (20 gold, have 2).
   386 | D:1      | Reached XP level 3. HP: 21/21 MP: 3/3
   579 | D:1      | Found a faded altar of an unknown god.
   592 | D:1      | 592 ||| UPGRADING to +0 ring mail.
   602 | D:1      | 602 ||| DROPPING +0 leather armour.
   603 | D:1      | 603 ||| UPGRADING to +0 pair of gloves.
   608 | D:1      | 608 ||| READING scroll labelled XOOXTE ESACETE.
   613 | D:1      | 613 ||| READING scroll labelled DIECIOTSAH.
   614 | D:1      | 614 ||| READING scroll labelled KOT ZOAJUANN.
   615 | D:1      | 615 ||| DRINKING 2 pink potions.
   616 | D:1      | 616 ||| DRINKING 2 murky silvery potions.
   634 | D:1      | 634 ||| DROPPING scroll of butterflies.
   960 | D:2      | Reached skill level 1 in Armour
   995 | D:2      | Noticed Sigmund
  1015 | D:2      | Killed Sigmund
  1016 | D:2      | Reached XP level 4. HP: 14/31 MP: 4/4
  1016 | D:2      | Reached XP level 5. HP: 15/35 MP: 5/5
  1455 | D:2      | Reached XP level 6. HP: 36/40 MP: 6/6
  1717 | D:2      | 1717 ||| UPGRADING to +0 pair of boots.
  1722 | D:2      | 1722 ||| READING 3 scrolls labelled KUN DUNWIECAKH.
  1723 | D:2      | 1723 ||| READING scroll labelled PIXKOTOLAM.
  1724 | D:2      | 1724 ||| DRINKING 2 fuming sapphire potions.
  1724 | D:2      | Gained mutation: You are weak. (Str -2) [potion of
                  | mutation]
  1724 | D:2      | Lost mutation: You are weak. (Str -2) [potion of mutation]
  1724 | D:2      | Gained mutation: You passively map a small area around you.
                  | [potion of mutation]
  1724 | D:2      | Gained mutation: You passively map the area around you.
                  | [potion of mutation]
  1725 | D:2      | 1725 ||| DROPPING 2 scrolls of amnesia.
  1803 | D:3      | HP: 10/40 [orc/+2 heavy hand axe (5)]
  1826 | D:3      | 1826 ||| FLEEEEING.
  1829 | D:3      | 1829 ||| FLEEEEING.
  1830 | D:3      | 1830 ||| FLEEEEING.
  1831 | D:3      | 1831 ||| FLEEEEING.
  1832 | D:3      | 1832 ||| FLEEEEING.
  1833 | D:3      | 1833 ||| FLEEEEING.
  1834 | D:3      | 1834 ||| FLEEEEING.
  1835 | D:3      | 1835 ||| STAIRDANCE
  2104 | D:3      | Found a stormy altar of Qazlal.
  2579 | D:3      | 2579 ||| UPGRADING to amulet of regeneration.
  2656 | D:4      | Noticed a hornet
  2665 | D:4      | HP: 6/40 [hornet (11)]
  2672 | D:4      | HP: 4/40 [hornet (10)]
  2674 | D:4      | Slain by a hornet

Levels and vault maps discovered:
D:1:      mrwooster_arrival_arrow, layout_basic, serial_shops, shop,
          shapermc_ecumenical_altar_rom_forum
D:2:      layout_basic, minmay_pentomino_s4, uniq_sigmund,
          uniq_crazy_yiuf_cottage
D:3:      layout_loops_cross, lemuel_tele_altar, chequers_garden,
          chequers_jeans, minmay_misc_feat_five, minmay_misc_feat_plants,
          small_statue_intersection, minmay_statues_item
D:4:      layout_basic, amethyst_overflow_temple_binary,
          minmay_temple_entry_proselytizer, grunt_ministairs_7

Skill      XL: |  1  2  3 |
---------------+----------+-----
Armour         | 1 |  1.0
Ranged Weapons | 5 |  5.9
Fighting       | 5 |  5.2
Dodging        | |  1.5
Stealth        | |  1.1

Action                     |  1- 3 |  4- 6 || total
---------------------------+-------+-------++-------
   Fire: Shortbow          |   113 |   153 ||   266
    Use: Scroll            |     3 |     2 ||     5
         Potion            |     2 |     1 ||     3
 Armour: Leather armour    |    16 |       ||    16
         Ring mail         |    15 |    71 ||    86
  Dodge: Dodged            |    38 |    80 ||   118

Table legend:
 A = Non-vault XP
 B = Vault XP
 C = Vault XP percentage of total XP
 D = Non-vault monster count
 E = Vault monster count
 F = Vault count percentage of total count
                 A         B        C        D         E       F
            +---------+---------+-------+---------+---------+-------
      Total |     219 |     230 |  51.2 |      64 |       3 |   4.5
            +---------+---------+-------+---------+---------+-------
        D:1 |      37 |       0 |   0.0 |      22 |       0 |   0.0
        D:2 |      59 |     230 |  79.6 |      21 |       3 |  12.5
        D:3 |      80 |       0 |   0.0 |      19 |       0 |   0.0
        D:4 |      43 |       0 |   0.0 |       2 |       0 |   0.0
            +---------+---------+-------+---------+---------+-------
